 Dungeon Crawl Stone Soup version 0.19.5 (webtiles) character file.

1128 Santreim the Chopper (level 8, -2/71 HPs)
             Began as a Minotaur Fighter on Mar 11, 2017.
             Slain by Blork the orc
             ... wielding a +0 flail
              (5 damage)
             ... on level 6 of the Dungeon.
             The game lasted 00:15:56 (4855 turns).

Santreim the Chopper (Minotaur Fighter)             Turns: 4855, Time: 00:15:57

Health: -2/71      AC: 13    Str: 22    XL:     8   Next: 13%
Magic:  7/7        EV:  5    Int:  5    God:
Gold:   317        SH: 11    Dex: 11    Spells: 0 memorised, 7 levels left

rFire  . . .     SeeInvis .     a - +0 war axe
rCold  . . .     Gourm    .     B - +0 plate armour
rNeg   . . .     Faith    .     c - +1 shield
rPois  .         Spirit   .     (helmet restricted)
rElec  .         Reflect  .     (no cloak)
rCorr  .         Harm     .     y - +0 pair of gloves
MR     .....                    (no boots)
Stlth  ..........               (no amulet)
                                (no ring)
                                (no ring)

@: very slightly contaminated, hasted, drained, very quick
A: retaliatory headbutt, horns 2
a: no special abilities


You were on level 6 of the Dungeon.
You were not hungry.

You visited 1 branch of the dungeon, and saw 6 of its levels.

You collected 317 gold pieces.

Inventory:

Hand Weapons
 a - a +0 war axe (weapon)
 u - a +0 flail
 v - a +0 halberd
Armour
 b - a +0 scale mail
 c - a +1 shield (worn)
 y - a +0 pair of gloves (worn)
 B - a +0 plate armour (worn)
Jewellery
 g - a +6 ring of protection {unknown}
 D - an uncursed ring of see invisible {unknown}
Wands
 s - a wand of enslavement (24/24)
 C - a wand of disintegration (14/24)
Scrolls
 e - 2 scrolls of recharging
 k - 3 scrolls of amnesia
 m - 5 scrolls of remove curse
 o - 2 scrolls of magic mapping {unknown}
 p - a scroll of enchant armour
 q - 2 scrolls of teleportation
 A - a scroll of noise {unknown}
Potions
 d - a potion of might
 h - a potion of lignification
 l - a potion of haste
 n - 3 potions of agility
 r - 2 potions of curing {unknown}
 t - a potion of flight {unknown}
 x - a potion of heal wounds
Comestibles
 f - 6 bread rations
 i - a beef jerky
 j - a meat ration
 w - a chunk of flesh
 z - a fruit


   Skills:
 + Level 6.4(5.9) Fighting
 + Level 7.1(6.6) Axes
 + Level 6.4(6.0) Armour
 - Level 0.7(0.3) Dodging
 - Level 0.3(0.0) Stealth
 + Level 6.5(6.1) Shields


You had 7 spell levels left.
You didn't know any spells.

Dungeon Overview and Level Annotations

Branches:
Dungeon (6/15)
 Temple: D:4-7

Altars:
Dithmenos
Gozag
Hepliaklqana
Trog
Uskayaw
Xom
Yredelemnul

Annotations:
D:6 Blork the orc, Grinder


Innate Abilities, Weirdness & Mutations

You reflexively headbutt those who attack you in melee.
You have a pair of horns on your head.


Message History

Blork the orc is heavily wounded.
You closely miss the wight. You block Blork the orc's attack.
The wight barely misses you.
You slash Blork the orc! You headbutt Blork the orc!
Blork the orc is almost dead.
Your plate armour prevents you from hitting the wight.
You block Blork the orc's attack. You block the wight's attack.
Blork the orc casts a spell.
Blork the orc flickers and vanishes!
Deactivating autopickup; reactivate with Ctrl-A.
You hit the wight but do no damage.
Your plate armour prevents you from hitting the wight.
You hit something but do no damage. Something hits you but does no damage.
The wight hits you with an enchanted battleaxe.
* * * LOW HITPOINT WARNING * * *
The wight hits you but does no damage.
Grinder blinks!
You slash the wight!
The wight is almost destroyed.
You closely miss something. You hit the wight. Something hits you.
You die...

#. ##.########
#....<....# #.........#
#.........# #.........#
###..z......# ######
#...zz@.....# #....#
#....{####### #....#.
#....§# #....#. #.5...#
#....#. #.....# #....#.
#.....# #...÷#. #.....#
#....#.
##.....###########....#.
...........zz5...).......


You could see Grinder and 3 wights.

Vanquished Creatures
  The ghost of tricornhat the Cleaver, a novice DDFi (D:6)
  A wight (D:6)
  A crimson imp (D:5)
  A bullfrog skeleton (D:5)
  A hound (D:4)
  2 orc wizards (D:5)
  3 orc priests (D:5)
  Jessica (D:3)
  An iguana (D:4)
  A worker ant (D:6)
  A hound zombie (D:5)
  11 gnolls
  6 adders
  2 oozes
  6 worms
  2 dart slugs
  5 leopard geckos
  10 orcs
  8 bats
  4 giant cockroaches
  12 goblins
  6 hobgoblins
  20 jackals
  4 quokkas
  A ball python (D:4)
  9 frilled lizards
  3 jackal skeletons (D:4)
  10 kobolds
  2 leopard gecko zombies
  13 rats
  A plant (D:1)
149 creatures vanquished.

Notes
Turn   | Place    | Note
-------+----------+-------------------------------------------
     0 | D:1      | Santreim the Minotaur Fighter began the quest for the Orb.
     0 | D:1      | Reached XP level 1. HP: 19/19 MP: 0/0
   175 | D:1      | Reached XP level 2. HP: 27/27 MP: 1/1
   294 | D:1      | Found a shimmering altar of Xom.
   655 | D:1      | Reached XP level 3. HP: 31/33 MP: 2/2
   661 | D:1      | Reached skill level 3 in Axes
  1138 | D:2      | Reached XP level 4. HP: 30/40 MP: 3/3
  1390 | D:2      | Reached skill level 4 in Axes
  1590 | D:3      | Noticed Jessica
  1611 | D:3      | Killed Jessica
  1611 | D:3      | Reached XP level 5. HP: 42/47 MP: 4/4
  2110 | D:3      | Reached skill level 5 in Axes
  2317 | D:4      | Reached XP level 6. HP: 43/53 MP: 5/5
  2394 | D:4      | Found an opulent altar of Gozag.
  2587 | D:4      | Noticed a moth of wrath
  2590 | D:4      | Found a bloodstained altar of Trog.
  2602 | D:4      | Reached skill level 5 in Shields
  2620 | D:4      | Got an ebony short sword
  2680 | D:4      | Identified the +6 short sword of the Sea {venom, Fragile rF- Int+7 Stlth+} (You found it on level 4 of the Dungeon)
  2832 | D:4      | Found a hide-covered altar of Uskayaw.
  3085 | D:5      | Entered Level 5 of the Dungeon
  3207 | D:5      | Reached skill level 5 in Fighting
  3207 | D:5      | Reached skill level 5 in Armour
  3529 | D:5      | Found a hazy altar of Hepliaklqana.
  3560 | D:5      | Reached skill level 6 in Axes
  3583 | D:5      | Reached XP level 7. HP: 61/61 MP: 6/6
  3714 | D:5      | Found a shadowy altar of Dithmenos.
  4031 | D:5      | Found a basalt altar of Yredelemnul.
  4500 | D:6      | Noticed tricornhat's ghost (novice DDFi)
  4522 | D:6      | Killed tricornhat's ghost
  4522 | D:6      | Reached skill level 7 in Axes
  4522 | D:6      | Reached XP level 8. HP: 29/70 MP: 7/7
  4790 | D:6      | Noticed Grinder
  4822 | D:6      | Paralysed by Grinder for 5 turns
  4839 | D:6      | Noticed Blork the orc
  4854 | D:6      | HP: 2/71 [wight/enchanted battleaxe (4)]
  4855 | D:6      | Slain by Blork the orc

Skill      XL: |  1  2  3  4  5  6  7 |
---------------+----------------------+-----
Fighting       | 4 5 6 |  6.4
Armour         | 4 5 6 |  6.4
Axes           | 3 4 5 6 7 |  7.1
Shields        | 4 5 6 |  6.5
Dodging        | |  0.7
Stealth        | |  0.3

Action                   |  1- 3 |  4- 6 |  7- 9 || total
-------------------------+-------+-------+-------++-------
Melee: War axe           |   100 |   119 |    42 ||   261
       Headbutt          |    17 |    33 |    14 ||    64
       Short sword       |       |    58 |    40 ||    98
       Unarmed           |       |       |     2 ||     2
  Use: Potion            |       |     6 |     2 ||     8
       Scroll            |       |     6 |       ||     6
  Eat: Chunk             |     1 |     6 |     4 ||    11
       Fruit             |       |     1 |       ||     1
       Pizza             |       |     1 |       ||     1
Armor: Scale mail        |    42 |    87 |     7 ||   136
       Plate armour      |       |       |    24 ||    24
Dodge: Dodged            |    32 |    58 |    11 ||   101
Block: Shield            |    36 |   115 |    40 ||   191
